AoeStats
← PsykotiK Cookie

Arena

507751187Analyzed
4v4 RM · 14d ago on Sep 19, 2026· 47m 46s· 8 players
Game mode
Random Map
Map size
Large (8 player)
Population
200
Speed
Normal
Resources
Standard
Victory
Conquest
Starting age
Dark Age
Ending age
Imperial Age
RankedLock teamsTeams togetherTeam positionsShared explorationLock speedFull tech treeHidden civsTurbo modeCheats
Victory
Defeat
🇦🇹 Persians · Austria
775
+6
🇹🇷 Turks · Türkiye
717
+8
🇹🇷 Britons · Türkiye
694
+8
🇫🇷 Britons · France
463
+16
🇭🇰 Huns · Hong Kong SAR China
579
-12
🇺🇸 Celts · United States
507
-9
🇫🇷 Franks · France
492
-9
🇨🇳 Britons · China
455
-8
PsykotiK Cookie
12:06 Feudal Age
13:28 Wheelbarrow
13:19 Double-Bit Axe
13:45 Gold Mining
14:11 Stone Mining
13:54 Man-at-Arms
14:21 Arson
19:47 Forging
19:38 Padded Archer Armor
19:29 Fletching
19:40 Scale Mail Armor
19:47 Scale Barding Armor
25:30 Castle Age
26:36 Hand Cart
26:34 Crossbowman
26:39 Pikeman
27:23 Husbandry
28:26 Gold Shaft Mining
28:05 Bow Saw
28:20 Squires
28:35 Light Cavalry
31:54 Town Watch
33:13 Hand Cart
33:51 Caravan
34:24 Town Patrol
36:01 Chain Mail Armor
36:22 Iron Casting
39:46 Imperial Age
38:19 #83
37:58 Gambesons
41:20 Cavalier
44:36 Chain Barding Armor
44:32 Leather Archer Armor
44:48 Plate Mail Armor
Queen
0:40 Loom
11:16 Feudal Age
13:18 Wheelbarrow
12:32 Double-Bit Axe
12:30 Horse Collar
13:17 Gold Mining
13:21 Stone Mining
23:41 Castle Age
22:47 Scale Barding Armor
22:43 Scale Mail Armor
22:44 Padded Archer Armor
22:35 Fletching
22:56 Forging
25:23 Gold Shaft Mining
25:06 Hand Cart
24:54 Heavy Plow
25:08 Bow Saw
30:07 Iron Casting
29:48 Chain Mail Armor
29:54 Chain Barding Armor
29:50 Leather Archer Armor
32:25 Bodkin Arrow
31:53 Pikeman
32:34 Squires
39:04 Imperial Age
37:16 Marauders
39:30 Elite Tarkan
40:31 Atheism
40:34 Conscription
39:53 Crossbowman
42:27 Husbandry
41:52 Cavalier
44:39 Caravan
45:25 Halberdier
48:12 Plate Barding Armor
47:39 Bracer
48:40 Blast Furnace
cbgb
13:05 Feudal Age
13:35 Double-Bit Axe
14:45 Wheelbarrow
19:47 Castle Age
18:13 Horse Collar
18:34 Gold Mining
20:58 Heavy Plow
21:20 Gambesons
20:57 Pikeman
22:22 Hand Cart
21:55 Loom
22:49 Bow Saw
25:24 Gold Shaft Mining
24:54 Fletching
25:41 Caravan
25:53 Bodkin Arrow
32:35 Imperial Age
30:01 Town Watch
31:17 Forging
31:09 Scale Mail Armor
31:16 Scale Barding Armor
31:55 Stronghold
33:00 Iron Casting
32:30 Stone Mining
33:57 Chain Barding Armor
33:50 Husbandry
35:18 Town Patrol
36:07 Guilds
36:13 Siege Engineers
36:59 Stone Shaft Mining
37:20 Cavalier
39:51 Chemistry
39:54 Blast Furnace
40:39 Halberdier
44:08 Paladin
44:33 Heavy Scorpion
46:21 Ballistics
3184353558
0:35 Loom
12:31 Feudal Age
14:08 Wheelbarrow
13:40 Double-Bit Axe
17:16 Stone Mining
17:18 Gold Mining
19:17 Horse Collar
23:47 Castle Age
26:13 Hand Cart
30:36 Imperial Age
28:10 Town Watch
29:25 Bow Saw
30:00 Gold Shaft Mining
32:10 Conscription
32:28 Town Patrol
32:07 Pikeman
35:51 Padded Archer Armor
35:42 Fletching
36:16 Ballistics
36:29 Heavy Plow
37:47 Two-Man Saw
40:53 Halberdier
41:36 Squires
45:11 Elite Longbowman
Kitty With A Relic
10:34 Feudal Age
15:56 Castle Age
14:33 Double-Bit Axe
14:55 Horse Collar
23:29 Wheelbarrow
22:40 Loom
22:41 Town Watch
25:58 Hand Cart
27:55 Town Patrol
32:08 Imperial Age
30:06 Bow Saw
31:03 Caravan
32:01 Heavy Plow
31:54 Gold Mining
32:39 Bloodlines
32:32 Husbandry
32:57 Conscription
32:04 Cavalier
34:35 Chemistry
33:47 Masonry
33:34 Murder Holes
35:00 Two-Man Saw
33:54 Stone Mining
34:23 Scale Barding Armor
35:08 Ballistics
34:39 Fletching
35:00 Forging
36:00 Stone Shaft Mining
36:02 Gold Shaft Mining
37:06 Chain Barding Armor
37:22 Iron Casting
36:42 Bodkin Arrow
36:49 Padded Archer Armor
37:19 Fervor
37:25 Block Printing
37:46 Theocracy
37:57 Architecture
37:09 Savar
38:57 Crop Rotation
39:04 Plate Barding Armor
40:25 Blast Furnace
40:33 Kamandaran
40:46 Citadels
41:12 Hoardings
40:10 Sappers
41:34 Crossbowman
42:21 Thumb Ring
43:20 Leather Archer Armor
44:45 Ring Archer Armor
Sebgir
12:29 Feudal Age
13:01 Double-Bit Axe
15:01 Wheelbarrow
17:44 Horse Collar
18:56 Stone Mining
19:02 Gold Mining
24:35 Castle Age
26:42 Bow Saw
26:36 Heavy Plow
26:50 Forging
26:31 Fletching
26:47 Scale Barding Armor
28:14 Iron Casting
29:54 Gold Shaft Mining
30:18 Caravan
32:16 Hand Cart
36:57 Imperial Age
34:38 Squires
35:00 Town Watch
36:28 Yeomen
37:22 Ballistics
36:58 Murder Holes
36:45 Treadmill Crane
39:00 Two-Man Saw
39:12 Chemistry
40:22 Conscription
39:39 Pikeman
40:22 Husbandry
40:44 Siege Engineers
43:35 Cavalier
45:02 Bodkin Arrow
45:10 Scale Mail Armor
45:10 Padded Archer Armor
birtanonline
0:48 Loom
13:57 Feudal Age
14:42 Double-Bit Axe
15:45 Wheelbarrow
15:10 Town Watch
15:18 Stone Mining
16:20 Horse Collar
16:59 Gold Mining
23:29 Castle Age
24:49 Gold Shaft Mining
24:26 Caravan
25:10 Bow Saw
25:30 Heavy Plow
25:32 Town Patrol
27:16 Fervor
28:44 Hand Cart
29:59 Murder Holes
30:16 Fortified Wall
30:12 Fletching
30:22 Padded Archer Armor
31:13 Treadmill Crane
34:34 Imperial Age
34:47 Masonry
35:41 Bodkin Arrow
36:42 Conscription
37:30 Hoardings
37:55 Guilds
38:36 Bracer
38:51 Leather Archer Armor
40:20 Two-Man Saw
41:00 Sappers
41:57 Artillery
42:31 Elite Janissary
46:01 Architecture
45:51 Ballistics
45:52 Bombard Tower
45:17 Arrowslits
45:23 Guard Tower
v2_Snake
11:51 Feudal Age
10:07 Loom
13:07 Wheelbarrow
12:18 Loom
13:57 Double-Bit Axe
14:12 Gold Mining
14:08 Horse Collar
22:45 Castle Age
21:00 Padded Archer Armor
22:24 Fletching
25:20 Hand Cart
25:11 Heavy Plow
25:32 Bow Saw
26:54 Gold Shaft Mining
26:42 Caravan
27:32 Stone Mining
28:26 Bodkin Arrow
28:47 Leather Archer Armor
29:36 Fortified Wall
29:49 Ballistics
31:06 Treadmill Crane
31:19 Town Watch
36:07 Imperial Age
36:21 Town Patrol
36:35 Masonry
36:20 Elite Longbowman
37:25 Yeomen
37:39 Yeomen
37:51 Bracer
38:46 Ring Archer Armor
39:31 Two-Man Saw
39:22 Conscription
40:39 Chemistry
48:22 Hoardings
47:52 Warwolf
Connection lost

Rejoining the realm…

Still unreachable

The connection could not be restored.

Session expired

The server has moved on; the page needs a fresh start.